 Dungeon Crawl Stone Soup version 0.29.1-12-g30fa7ad0bf (webtiles) character file.

Game seed: 15329513875291452059

35 112233 the Gusty (level 3, -3/14 HPs)
             Began as a Felid Air Elementalist on Dec 21, 2022.
             Was an Initiate of Gozag.
             Slain by a gnoll
             ... wielding a +0 halberd
              (10 damage)
             ... on level 1 of the Dungeon.
             The game lasted 00:01:46 (1554 turns).

112233 the Gusty (Felid Air Elementalist)           Turns: 1554, Time: 00:01:47

Health: -3/14      AC:  1    Str:  4    XL:     3   Next: 16%
Magic:  7/7        EV: 17    Int: 18    God:    Gozag
Gold:   85         SH:  0    Dex: 16    Spells: 0/6 levels left
                                        Lives:  0   Deaths: 0

rFire   . . .      SeeInvis +   (weapon unavailable)
rCold   . . .      Faith    .   (shield unavailable)
rNeg    . . .      Spirit   .   (body armour unavailable)
rPois   .          Reflect  .   (helmet unavailable)
rElec   .          Harm     .   (cloak unavailable)
rCorr   .          Rampage  .   (gloves unavailable)
Will    .....                   (boots unavailable)
Stlth   ++........              (no amulet)
HPRegen 0.04/turn               (no ring)
MPRegen 0.10/turn               (no ring)

@: quick
A: very small, claws 1, fangs 3, see invisible, speed 1, shaggy fur 1, stealthy
paws, no weapons or thrown items, no armour, multi-lived
a: Renounce Religion, Potion Petition, Call Merchant, Bribe Branch


You were on level 1 of the Dungeon.
You worshipped Gozag.
Gozag was noncommittal.
You visited 1 branch of the dungeon, and saw 2 of its levels.

You collected 134 gold pieces.
You paid 49 gold pieces to Gozag.

Inventory:

Scrolls
 e - a scroll of enchant armour {unknown}
 g - a scroll of noise {unknown}
 h - a scroll of identify {unknown}
 i - 2 scrolls of teleportation {unknown}
Potions
 a - a potion of magic
 b - a potion of curing {unknown}
 c - a potion of degeneration {unknown}
 d - a potion of attraction {unknown}
 f - a potion of heal wounds {unknown}


   Skills:
 - Level 2.6 Dodging
 - Level 2.6 Stealth
 - Level 2.0 Spellcasting
 - Level 0.8 Conjurations
 + Level 3.9 Air Magic


You couldn't memorise any spells.
You knew the following spells:

 Your Spells              Type           Power      Damage    Failure   Level
a - Shock                 Conj/Air       40%        1d5       7%          1
b - Static Discharge      Conj/Air       10%        3-5/arc   11%         2
c - Swiftness             Air            16%        N/A       11%         3

Your spell library contained the following spells:

 Spells                   Type           Power      Damage    Failure   Level
 Airstrike                Air            8%         2d(2-18)  34%         4


Dungeon Overview and Level Annotations

Branches:
Dungeon (2/15)

Altars:
Gozag

Annotations:
D:1 exclusion: downstairs


Innate Abilities, Weirdness & Mutations

You have sharp claws.
You have razor-sharp teeth.
You have supernaturally acute eyesight. (SInv)
You cover ground quickly. (Speed+)
You are covered in fur. (AC +1)
Your paws help you pounce on unaware monsters.
You are incapable of wielding weapons or throwing items.
You cannot wear armour.
You gain extra lives every three experience levels.


Message History

Done exploring.
Done exploring.
(D) Dungeon
Where to? (Enter - D:2 @ (x,y), ? - help)
Okay, then.
Unknown command.
(D) Dungeon
Where to? (Enter - D:2 @ (x,y), ? - help)
There is a stone staircase leading down here.
You climb downwards.
There is a stone staircase leading up here.
There are monsters nearby!
There is a stone staircase leading up here.
The gnoll barely misses you. The gnoll closely misses you.
You climb upwards.
Level annotation: exclusion: downstairs
There is a stone staircase leading down here.
You climb downwards.
The gnoll closely misses you.
There is a stone staircase leading up here.
The gnoll barely misses you. The gnoll closely misses you.
The gnoll hits you from afar with a +0 halberd of protection!
Ouch! That really hurt!
The gnoll misses you.
There is a stone staircase leading up here.
The gnoll closely misses you. The gnoll completely misses you.
The gnoll misses you.
You climb upwards.
Level annotation: exclusion: downstairs
There is a stone staircase leading down here.
You scratch the gnoll.
The gnoll is lightly wounded.
The gnoll misses you.
Unknown command.
You scratch the gnoll.
The gnoll is moderately wounded.
The gnoll hits you with a +0 halberd!
Ouch! That really hurt!
You die...
Your body crumbles into a pile of gold.

.........# ####.### .#.##.##.#
#.# .#.##.##.######.####
.#.##.##...##......##############
......##.#......##.##...........#
##.#.......##.##.#.##.....#####..
#.......####.#...........# #.#
###...### #.##.#.##.....# #.#
#...# #.##@#.##.....# #.. #...#
#...g..####.### #.# #...#
####.### #.# #.# #...#
#..#####.#######.# #...######
##...............#
####........### #.#####.....###..
........###...###.#####.....# ###
........# #...##...#........# ###
........###.....#...........# #..


You could see a gnoll.

Vanquished Creatures
  An adder (D:2)
  A dart slug (D:2)
  2 bats
  3 endoplasms
  2 giant cockroaches (D:1)
  A goblin (D:1)
  2 quokkas
  5 ball pythons
  A frilled lizard (D:2)
  3 kobolds (D:2)
  A rat (D:2)
22 creatures vanquished.

Notes
Turn   | Place    | Note
-------+----------+-------------------------------------------
     0 | D:1      | 112233 the Felid Air Elementalist began the quest for the
                  | Orb.
     0 | D:1      | Reached XP level 1. HP: 7/7 MP: 4/4
    67 | D:1      | You fall into a shaft and drop 1 floor!
    72 | D:2      | Reached skill level 3 in Air Magic
    83 | D:2      | Reached XP level 2. HP: 11/11 MP: 6/6
   390 | D:2      | Found an opulent altar of Gozag.
   853 | D:1      | Reached XP level 3. HP: 14/14 MP: 7/7
   864 | D:1      | Learned a level 2 spell: Static Discharge
   872 | D:1      | Learned a level 3 spell: Swiftness
   915 | D:2      | Became a worshipper of Gozag Ym Sagoz the Greedy
  1554 | D:1      | Slain by a gnoll

Illustrated notes

Levels and vault maps discovered:
D:1:      minmay_arrival_semitransparent, layout_loops_cross
D:2:      minmay_diamond_boxcup, layout_loops_ring,
          shapermc_ecumenical_altar_ellora, basic_altar, serial_glass,
          glass_columns_c, glass_columns_b, glass_columns_a, glass_columns_a,
          minmay_strange_pillars, feat_on_display, due_unseen_surprise,
          item_on_display_a, grunt_ministairs_14

Skill      XL: |  1 |
---------------+----+-----
Air Magic      | 3 |  3.9
Dodging        | |  2.6
Stealth        | |  2.6
Spellcasting   | |  2.0
Conjurations   | |  0.8

Action                   || total
-------------------------++-------
Melee: Unarmed           ||    25
       Punch             ||     1
       Bite              ||     1
 Cast: Shock             ||    17
 Stab: Sleeping          ||     8
Dodge: Dodged            ||    37
